 Dungeon Crawl Stone Soup version 0.30-a0-840-ga523dec638 (webtiles) character file.

Game seed: 13758649976719978010

223 jimonade the Magician (level 6, -9/45 HPs)
             Began as a Djinni Warper on Mar 1, 2023.
             Mangled by Blork the orc
             ... wielding a +4 flail of protection
              (12 damage)
             ... on level 4 of the Dungeon.
             The game lasted 00:08:21 (3169 turns).

jimonade the Magician (Djinni Warper)               Turns: 3169, Time: 00:08:22

Health: -9/45      AC:  3    Str: 12    XL:     6   Next: 20%
Gold:   170        EV: 12    Int: 14    God:
                   SH:  0    Dex: 13

rFire   + + +      SeeInvis +    a - +0 short sword
rCold   x . .      Faith    .    (no shield)
rNeg    . . .      Spirit   .    b - +0 leather armour
rPois   ∞          Reflect  .    (no helmet)
rElec   .          Harm     .    (no cloak)
rCorr   .          Rampage  .    (no gloves)
Will    .....                    (boots unavailable)
Stlth   +                        (no amulet)
HPRegen 0.27/turn                m - ring of see invisible
MPRegen 0.00/turn                w - ring of protection from fire

@: on blink cooldown, flying
A: sickness immunity, fire resistance 2, cold vulnerability 1, float, innate
caster, HP casting, extra vitality 1
a: no special abilities


You were on level 4 of the Dungeon.
You visited 1 branch of the dungeon, and saw 4 of its levels.

You collected 170 gold pieces.

Inventory:

Hand Weapons
 a - a +0 short sword (weapon)
 v - a +0 long sword
Missiles
 d - 7 boomerangs of dispersal
 k - 6 poisoned darts
 l - 5 curare-tipped darts
Armour
 b - a +0 leather armour (worn)
 g - a +0 ring mail
 u - a +0 plate armour
Magical Staves
 h - a staff of cold
Jewellery
 m - a ring of see invisible (left hand)
 w - a ring of protection from fire (right hand)
Scrolls
 c - 2 scrolls of blinking
 n - a scroll of vulnerability {unknown}
 q - a scroll of teleportation {unknown}
 s - a scroll of enchant weapon {unknown}
 t - a scroll of identify {unknown}
Potions
 e - a potion of cancellation {unknown}
 f - 2 potions of degeneration {unknown}
 i - 2 potions of lignification {unknown}
 j - 2 potions of might {unknown}
 o - 3 potions of curing {unknown}
 p - 2 potions of brilliance {unknown}
 r - a potion of flight {unknown}
 x - a potion of mutation {unknown}


   Skills:
 + Level 2.5 Fighting
 + Level 2.8 Short Blades
 - Level 0.7 Throwing
 + Level 2.4 Armour
 + Level 3.1 Dodging
 + Level 0.1 Stealth
 * Level 3.6 Spellcasting


You knew the following spells:

 Your Spells              Type           Power      Damage    Failure   Level
a - Blink                 Tloc           24%        N/A       9%          2
b - Lesser Beckoning      Tloc           24%        N/A       9%          2
c - Vhi's Electric Charg  Tloc/Air       24%        N/A       17%         3
d - Teleport Other        Tloc           12%        N/A       17%         3
e - Manifold Assault      Tloc           12%        N/A       50%         4
f - Foxfire               Conj/Fire      48%        2x1d6     5%          1
g - Momentum Strike       Conj/Tloc      24%        3d8       9%          2
Your spell library was empty.

Dungeon Overview and Level Annotations

Branches:
Dungeon (4/15)
 Temple: D:4-7

Altars:
Dithmenos

Shops:
D:1 (

Annotations:
D:3 Terence
D:4 Blork the orc


Innate Abilities, Weirdness & Mutations

You are immune to sickness and miasma.
You are immune to poison.
Your flesh is very heat resistant. (rF++)
You are vulnerable to cold. (rC-)
You float through the air rather than walking.
You learn spells naturally, not from books.
Your magical power is your life essence.
You have superior vitality. (+4 MHP)


Message History

Blork the orc mumbles some strange words.
Blork the orc seems to speed up.
Found a ring mail.
You conjure some foxfire!
The foxfire hits Blork the orc but does no damage.
You miscast Foxfire.
You are very lightly contaminated with residual magic.
Nothing appears to happen.
The foxfire hits Blork the orc.
Blork the orc is lightly wounded.
You conjure some foxfire!
Blork the orc gestures at you while chanting.
The magic dart hits you.
Your foxfire dissipates!
The foxfire hits Blork the orc but does no damage.
Blork the orc is lightly wounded.
You conjure some foxfire!
Blork the orc screams, "I don't like you!"
Blork the orc casts a spell at you. The puff of flame misses you.
The foxfire hits Blork the orc but does no damage.
Blork the orc is lightly wounded.
The foxfire hits Blork the orc but does no damage.
Blork the orc is lightly wounded.
Blork the orc points at you and mumbles some strange words.
The magic dart hits you!
Your magical contamination has completely faded away.
There is a stone staircase leading down here.
Casting: Foxfire (safe; 5% risk of failure)
Confirm with . or Enter, or press ? or * to list all spells.
You blink.
Blork the orc closely misses you.
Blork the orc hits you with a +4 flail of protection!
Blork the orc attacks as you move away!
Blork the orc hits you with a +4 flail of protection!
* * * LOW HITPOINT WARNING * * *
Blork the orc hits you with a +4 flail of protection!
* * * LOW HITPOINT WARNING * * *
Blork the orc attacks as you move away!
Blork the orc hits you with a +4 flail of protection!
You die...

##+## ##...##
##.....##
##.......## .
#.........###....
+.>.......'...[..
#.........###....
##...o...## .
##..@..## ##...##
##'## #.# #.#
##.## ##...##
#.....# ##...##


You could see Blork the orc (fast).

Vanquished Creatures
  A scorpion (D:4)
  A jelly (D:4)
  4 adders
  3 worms
  2 dart slugs
  2 orcs (D:3)
  10 bats
  10 endoplasms
  5 giant cockroaches
  6 goblins
  6 hobgoblins
  6 jackals
  7 kobolds
  5 quokkas
  6 ball pythons
  A frilled lizard (D:3)
  3 rats
78 creatures vanquished.

Vanquished Creatures (others)
  192 foxfires
192 creatures vanquished.

Grand Total: 270 creatures vanquished

Notes
Turn   | Place    | Note
-------+----------+-------------------------------------------
     0 | D:1      | jimonade the Djinni Warper began the quest for the Orb.
     0 | D:1      | jimonade set off with the following spells memorised:
                  | Blink, Lesser Beckoning, Vhi's Electric Charge, Teleport
                  | Other, Manifold Assault.
     0 | D:1      | Reached XP level 1. HP: 18/18 MP: 0/0
    62 | D:1      | Reached XP level 2. HP: 15/23 MP: 0/0
   486 | D:1      | Reached XP level 3. HP: 24/28 MP: 0/0
   486 | D:1      | Learned a level 1 spell: Foxfire
   637 | D:1      | Found Duikes Pargho's Antique Weapon Boutique.
  1269 | D:2      | Reached XP level 4. HP: 32/33 MP: 0/0
  1926 | D:3      | Found a shadowy altar of Dithmenos.
  1988 | D:3      | Reached XP level 5. HP: 37/39 MP: 0/0
  1988 | D:3      | Learned a level 2 spell: Momentum Strike
  2205 | D:3      | Noticed Terence
  3001 | D:4      | Reached XP level 6. HP: 43/45 MP: 0/0
  3153 | D:4      | Noticed Blork the orc
  3169 | D:4      | Mangled by Blork the orc

Illustrated notes

Levels and vault maps discovered:
D:1:      kennysheep_arrival_forest, layout_rooms, serial_shops,
          nicolae_square_shop
D:2:      minmay_evil_eye, layout_basic
D:3:      layout_loops_ring, overflow_temple_1_default, chequers_avenue,
          uniq_terence
D:4:      layout_loops_corners, mainiacjoe_overflow_boulevard,
          amcnicky_mini_pool_small, uniq_natasha, uniq_blork_the_orc

Skill      XL: |  1  2  3  4  5 |
---------------+----------------+-----
Short Blades   | 2 |  2.8
Armour         | 2 |  2.4
Spellcasting   | 3 |  3.6
Dodging        | 3 |  3.1
Fighting       | |  2.5
Throwing       | |  0.7
Stealth        | |  0.1

Action                     |  1- 3 |  4- 6 || total
---------------------------+-------+-------++-------
  Melee: Short sword       |   118 |    65 ||   183
   Cast: Foxfire           |     8 |   115 ||   123
         Blink             |       |     2 ||     2
 Armour: Leather armour    |    42 |    22 ||    64
  Dodge: Dodged            |    70 |    52 ||   122

Table legend: (Time is in decaauts)
 A = Elapsed time spent in this place.
 B = Non-inter-level travel time spent in this place.
 C = Inter-level travel time spent in this place.
 D = Time resting spent in this place.
 E = Time spent auto-exploring this place.
 F = Levels seen in this place.
 G = Mean time per level.
                   A        B        C        D        E       F      G
               +--------+--------+--------+--------+--------+-----+--------+
         Total |   3147 |   2985 |    162 |    339 |   1690 |   4 |  786.8 |
       Dungeon |   3147 |   2985 |    162 |    339 |   1690 |   4 |  786.8 |
               +--------+--------+--------+--------+--------+-----+--------+

Top non-repeatable levels by time:
     D:3: 1022 daAuts
     D:2: 1019 daAuts
     D:1: 823 daAuts
     D:4: 283 daAuts
